 Dungeon Crawl Stone Soup version 0.31-a0-1529-g7bd419a0e5 (webtiles) character file.

Game seed: 13589835054672498906

434 Dordric the Ruffian (level 6, -4/59 HPs)
             Began as a Troll Berserker on Dec 31, 2023.
             Was a Believer of Trog.
             Slain by an ufetubus (5 damage)
             ... on level 5 of the Dungeon.
             The game lasted 00:03:55 (3092 turns).

Dordric the Ruffian (Troll Berserker)               Turns: 3092, Time: 00:03:55

Health: -4/59      AC: -8    Str: 28    XL:     6   Next: 67%
Magic:  5/5        EV: 10    Int:  3    God:    Trog [**....]
Gold:   324        SH:  0    Dex:  9    Spells: 5/5 levels left

rFire   . .          .
                       - Unarmed
rCold   . . .        (no shield)
rNeg    . . .        a - +0 animal skin
rPois   .            (helmet restricted)
rElec   .            q - scarf {repulsion}
rCorr   .            (gloves unavailable)
SInv    .            (boots unavailable)
Will    +....        (no amulet)
Stlth   +            (no ring)
HPRegen 1.09/turn    (no ring)
MPRegen 0.09/turn

%: repel missiles
@: corroded, on berserk cooldown, hasted and slowed
A: large, unfitting armour, claws 3, regeneration 1, shaggy fur 1, tough skin 1,
fangs 1, horns 1, strong-willed 1, evolution 1
a: Renounce Religion, Berserk, Trog's Hand


You were on level 5 of the Dungeon.
You worshipped Trog.
Trog was pleased with you.
You visited 1 branch of the dungeon, and saw 5 of its levels.

You collected 324 gold pieces.

Inventory:

Armour
 a - a +0 animal skin (worn)
 q - a scarf of repulsion (worn)
Jewellery
 d - a ring of ice
Scrolls
 f - a scroll of identify {unknown}
 g - a scroll of vulnerability {unknown}
 k - a scroll of enchant weapon {unknown}
 l - a scroll of enchant armour {unknown}
 m - a scroll of teleportation
 p - a scroll of silence {unknown}
Potions
 b - 2 potions of curing
 c - 3 potions of berserk rage
 h - a potion of enlightenment
 j - a potion of invisibility {unknown}
 n - a potion of degeneration {unknown}
 o - a potion of attraction {unknown}


   Skills:
 - Level 2.4 Fighting
 - Level 2.4 Dodging
 + Level 7.6 Unarmed Combat


You had 5 spell levels left.
You didn't know any spells.
Your spell library was empty.

Dungeon Overview and Level Annotations

Branches:
Dungeon (5/15)
 Temple: D:4-7

Altars:
Dithmenos
Gozag
Okawaru
Xom
Yredelemnul
Zin


Innate Abilities, Weirdness & Mutations

You are too large for most types of armour.
You have claws for hands.
Your natural rate of healing is unusually fast.
You are covered in fur. (AC +1)
You have tough skin. (AC +1)
You have very sharp teeth.
You have a pair of small horns on your head.
You are strong-willed. (Will+)
You have hidden genetic potential.


Message History

* * * LOW HITPOINT WARNING * * *
The phantom hits you.
* * * LOW HITPOINT WARNING * * *
A red film seems to cover your vision as you go berserk!
You feel yourself moving faster!
You feel mighty! The jelly hits you.
* * * LOW HITPOINT WARNING * * *
The acid corrodes you!
You are splashed with acid!
* * * LOW HITPOINT WARNING * * *
The phantom hits you.
* * * LOW HITPOINT WARNING * * *
The phantom blinks!
You blink.
You closely miss the phantom.
You scratch the phantom but do no damage.
Your bite misses the phantom. The phantom closely misses you.
You claw the phantom!
The phantom is heavily damaged.
You barely miss the phantom. You bite the phantom.
The phantom is heavily damaged.
The phantom hits you!
* * * LOW HITPOINT WARNING * * *
You mangle the phantom!!
You destroy the phantom!
Trog accepts your kill.
You feel the effects of Trog's Hand fading.
You feel a strong urge to attack something.
You feel your anger nearly subside.
You are no longer berserk.
You are exhausted.
You feel yourself slow down.
It was a potion of haste.
You feel yourself speed up. The ufetubus hits you.
* * * LOW HITPOINT WARNING * * *
The ufetubus barely misses you.
Your skin stops crawling.
You feel less strong-willed. The ufetubus hits you.
* * * LOW HITPOINT WARNING * * *
The ufetubus hits you.
* * * LOW HITPOINT WARNING * * *
The ufetubus hits you.
* * * LOW HITPOINT WARNING * * *
The ufetubus hits you.
You die...

##### #~~~##### .. #...#
#...##.#.. #...#
#......... #...#
#........#
####...########........#
......<...).ยง.........#
####....######........[#
.........># ###........
:......##.#####.@.......
..............J5.#.#....
.................._.....
....##########...#.#..#.
.... ###.....## ###
#######


You could see a jelly and an ufetubus.

Vanquished Creatures
  A black bear (D:4)
  A phantom (D:5)
  2 orc priests (D:3)
  An iguana (D:4)
  Robin (D:3)
  A gnoll (D:2)
  8 adders
  2 dart slugs
  A ribbon worm (D:2)
  7 orcs
  3 ball pythons
  9 endoplasms
  2 giant cockroaches
  10 goblins
  16 hobgoblins
  2 quokkas
  5 bats
  2 frilled lizards
  3 kobolds
  6 rats
83 creatures vanquished.

Vanquished Creatures (others)
  An angel (D:4)
1 creature vanquished.

Grand Total: 84 creatures vanquished

Notes
Turn   | Place    | Note
-------+----------+-------------------------------------------
     0 | D:1      | Dordric the Troll Berserker began the quest for the Orb.
     0 | D:1      | Reached XP level 1. HP: 22/22 MP: 0/0
   193 | D:1      | Reached XP level 2. HP: 29/29 MP: 1/1
   665 | D:2      | Reached skill level 4 in Unarmed Combat
   672 | D:2      | Reached XP level 3. HP: 36/36 MP: 2/2
   838 | D:2      | Reached ** piety under Trog
  1512 | D:3      | Reached skill level 5 in Unarmed Combat
  1512 | D:3      | Reached XP level 4. HP: 44/44 MP: 3/3
  1723 | D:3      | Found a shadowy altar of Dithmenos.
  1829 | D:3      | Noticed Robin
  1839 | D:3      | Killed Robin
  1846 | D:3      | Reached XP level 5. HP: 31/50 MP: 4/4
  1847 | D:3      | Reached skill level 6 in Unarmed Combat
  1870 | D:3      | Found an opulent altar of Gozag.
  2415 | D:4      | Noticed a black bear
  2421 | D:4      | Killed a black bear
  2422 | D:4      | Reached skill level 7 in Unarmed Combat
  2422 | D:4      | Reached XP level 6. HP: 56/59 MP: 5/5
  2507 | D:4      | Noticed an angel
  2514 | D:4      | Found a shimmering altar of Xom.
  2514 | D:4      | Found a glowing silver altar of Zin.
  2676 | D:4      | Reached *** piety under Trog
  2965 | D:4      | Gained mutation: You are clumsy. (Dex -2) [potion of
                  | mutation]
  3006 | D:4      | Killed an angel
  3010 | D:4      | Lost mutation: You are clumsy. (Dex -2) [potion of
                  | mutation]
  3010 | D:4      | Gained mutation: You are strong-willed. (Will+) [potion of
                  | mutation]
  3010 | D:4      | Gained mutation: You have very sharp teeth. [potion of
                  | mutation]
  3010 | D:4      | Gained mutation: You have a pair of small horns on your
                  | head. [potion of mutation]
  3010 | D:4      | Gained mutation: You have hidden genetic potential. [potion
                  | of mutation]
  3044 | D:5      | Entered Level 5 of the Dungeon
  3046 | D:5      | Found a basalt altar of Yredelemnul.
  3055 | D:5      | Found an iron altar of Okawaru.
  3084 | D:5      | HP: 1/88 [phantom (8)]
  3092 | D:5      | HP: 1/59 [ufetubus (5)]
  3092 | D:5      | Slain by an ufetubus

Illustrated notes

Levels and vault maps discovered:
D:1:      psy_arrival_heroes, layout_loops_ring, minmay_tromino_v2
D:2:      layout_loops_ring, minmay_increasing_density
D:3:      minmay_evil_eye, layout_loops_ring, nicolae_gozag_seed_capital,
          mainiacjoe_overflow_24_doors, uniq_robin
D:4:      layout_gridville, grunt_temple_overflow_order_and_chaos_1,
          nicolae_tricolors
D:5:      layout_rooms, okawaru_metal_pillars_1_2,
          yredelemnul_forgotten_temple_becter, minmay_temple_entry_arrows,
          serial_shops, shop, kennysheep_small_circle

Skill      XL: |  1  2  3  4  5 |
---------------+----------------+-----
Unarmed Combat | 4 5 7 |  7.6
Fighting       | |  2.4
Dodging        | |  2.4

Action                     |  1- 3 |  4- 6 || total
---------------------------+-------+-------++-------
  Melee: Unarmed           |    93 |   108 ||   201
         Punch             |     3 |     1 ||     4
         Bite              |       |     3 ||     3
 Invoke: Berserk           |       |     3 ||     3
         Trog's Hand       |       |     2 ||     2
    Use: Scroll            |       |     2 ||     2
         Potion            |       |     6 ||     6
 Armour: Animal skin       |    68 |    84 ||   152
  Dodge: Dodged            |    57 |    48 ||   105
         Repelled          |       |     1 ||     1

Table legend: (Time is in decaauts)
 A = Elapsed time spent in this place.
 B = Non-inter-level travel time spent in this place.
 C = Inter-level travel time spent in this place.
 D = Time resting spent in this place.
 E = Time spent auto-exploring this place.
 F = Levels seen in this place.
 G = Mean time per level.
                   A        B        C        D        E       F      G
               +--------+--------+--------+--------+--------+-----+--------+
         Total |   3104 |   3005 |     99 |    183 |   2330 |   5 |  620.8 |
       Dungeon |   3104 |   3005 |     99 |    183 |   2330 |   5 |  620.8 |
               +--------+--------+--------+--------+--------+-----+--------+

Top non-repeatable levels by time:
     D:4: 905 daAuts
     D:3: 834 daAuts
     D:2: 783 daAuts
     D:1: 537 daAuts
     D:5: 42 daAuts
